 Dungeon Crawl Stone Soup version bcrawl-1.17.3 (webtiles) character file.

Game seed: 11749765095694886895

28 Chiseanne the Skirmisher (level 3, 27/28 HPs)
             Began as a Mummy Archaeologist on Oct 25, 2019.
             Quit the game on level 1 of the Dungeon.
             The game lasted 00:01:10 (1014 turns).

Chiseanne the Skirmisher (Mummy Archaeologist)      Turns: 1014, Time: 00:01:11

Health: 27/28      AC:  6    Str: 14    XL:     3   Next: 0%
Magic:  3/3        EV: 12    Int: 14    God:
Gold:   55         SH:  0    Dex: 10    Spells: 2/2 levels left

rFire    x . .     SeeInvis .   m - +0 short sword
rCold    + . .     Gourm    .   (no shield)
rNeg     + + +     Faith    .   b - +1 robe
rPois    ∞         Spirit   .   c - +1 hat
rElec    .         Reflect  .   (no cloak)
rCorr    .         Harm     .   (no gloves)
MR       .....     Clarity  +   d - +1 pair of boots
Stlth    ++........             (no amulet)
HPRegen  0.09/turn              (no ring)
MPRegen  0.08/turn              (no ring)

@: studying Crossbows
A: no food or potions, fire vulnerability, clarity, cold resistance 1, negative
energy resistance 3, torment resistance, unbreathing
a: no special abilities


You were on level 1 of the Dungeon.
You were not hungry.

You visited 1 branch of the dungeon, and saw 1 of its levels.

You collected 55 gold pieces.

Inventory:

Hand Weapons
 m - a +0 short sword (weapon)
Missiles
 g - 497 stones (quivered)
 h - 200 sling bullets
 j - 225 poisoned needles
Armour
 b - a +1 robe (worn)
 c - a +1 hat (worn)
 d - a +1 pair of boots (worn)
Jewellery
 k - an uncursed amulet of the acrobat {unknown}
 l - a +2 ring of protection {unknown}
Scrolls
 a - a scroll of remove curse {unknown}
 i - 3 scrolls of identify {unknown}
Books
 e - a manual of Crossbows
Miscellaneous
 f - an ancient crate


   Skills:
 * Level 2.9 Fighting
   Level 0.7 Maces & Flails
 - Level 2.4 Dodging
 - Level 2.6 Stealth


You had 2 spell levels left.
You didn't know any spells.
Your spell library was empty.

Dungeon Overview and Level Annotations

Branches:
Dungeon (1/12)

Altars:


Innate Abilities, Weirdness & Mutations

You do not eat or drink.
Your flesh is vulnerable to fire.
You are immune to poison.
You possess an exceptional clarity of mind.
Your flesh is cold resistant. (rC+)
You are immune to negative energy. (rN+++)
You are immune to unholy pain and torment.
You can survive without breathing.


Message History

A bat comes into view.
There is an open door here.
A frilled lizard and a hobgoblin come into view.
Found 143 arrows.
You hit the bat but do no damage. The bat closely misses you. x2
You closely miss the bat. The bat hits you but does no damage.
The bat misses you.
Found 19 gold pieces.
The hobgoblin shouts!
The bat barely misses you. The bat hits you. The frilled lizard misses you.
You hit the frilled lizard.
You kill the frilled lizard!
You have reached level 3!
Your experience leads to an increase in your attributes!
Increase (S)trength, (I)ntelligence, or (D)exterity?
You feel clever.
You have an epiphany!
The dusty tome is a manual of Crossbows!
Reading it may be key to unlocking the crate...
The bat barely misses you.
Are you sure you want to abandon this character and quit the game? (Confirm with "yes".)

... ..... ......
... ...# ......
### ... ...$..
... ##.###......
#.. #..........#
#.. #...........
... ###
#....†....# #.#.#
###.###...@.b...#
#. #.#
#.....'.........#
#. #.#
#.#.###....g..(.#
#.###.#+# #.#.#
#.........#
#........ #.#.#
#.........#
#........ #.#.#
#######+###
#........
#######.#.#
#........
........#.####
.#####.......#
...............
.............#


You could see a hobgoblin and a bat.

Vanquished Creatures
  A dart slug (D:1)
  2 giant cockroaches (D:1)
  4 goblins (D:1)
  6 hobgoblins (D:1)
  2 kobolds (D:1)
  4 bats (D:1)
  2 frilled lizards (D:1)
  2 rats (D:1)
23 creatures vanquished.

Notes
Turn   | Place    | Note
-------+----------+-------------------------------------------
     0 | D:1      | Chiseanne the Mummy Archaeologist began the quest for the
                  | Orb.
     0 | D:1      | Reached XP level 1. HP: 15/15 MP: 1/1
   295 | D:1      | Reached XP level 2. HP: 22/22 MP: 2/2
  1013 | D:1      | Reached XP level 3. HP: 27/28 MP: 3/3
  1014 | D:1      | Quit the game

Skill      XL: |  1 |
---------------+----+-----
Fighting       | 2 |  2.9
Maces & Flails | |  0.7
Dodging        | |  2.4
Stealth        | |  2.6

Action                   || total
-------------------------++-------
Melee: Whip              ||    60
       Short sword       ||    48
 Stab: Sleeping          ||     2
Armor: Robe              ||    48
Dodge: Dodged            ||    87
